 Dungeon Crawl Stone Soup version 0.31-a0-473-g61b50ae490 (webtiles) character file.

Game seed: 16934257420251510443

86 Ge0ff the Chopper (level 5, -7/41 HPs)
             Began as a Meteoran Wanderer on Aug 6, 2023.
             Was an Initiate of Ashenzari.
             Killed by divine providence
             ... invoked by an orc priest
              (12 damage)
             ... on level 3 of the Dungeon.
             The game lasted 00:11:53 (1420 turns).

Ge0ff the Chopper (Meteoran Wanderer)               Turns: 1420, Time: 00:11:54

Health: -7/41      AC:  6    Str: 16    XL:     5   Next: 7%
Magic:  10/10      EV: 11    Int: 16    God:    Ashenzari [......]
Gold:   132        SH:  0    Dex: 10    Spells: 5/10 levels left

rFire   . . .        a - +2 hand axe
rCold   . . .        (no shield)
rNeg    . . .        R - +2 leather armour {Will+}
rPois   .            (no helmet)
rElec   .            (no cloak)
rCorr   .            I - +0 pair of gloves "Ensconced Lifelessness" {Comp, Self} (curse)
SInv    .            (no boots)
Will    +....        (no amulet)
Stlth   +            (no ring)
HPRegen 0.26/turn    (no ring)
MPRegen 0.12/turn

%: no passive effects
@: glowing
A: sense surroundings 1, otherworldly, glowing, explore regen
a: Renounce Religion, Shatter the Chains


You were on level 3 of the Dungeon.
You worshipped Ashenzari.
Ashenzari was noncommittal.
You visited 1 branch of the dungeon, and saw 4 of its levels.

You collected 210 gold pieces.
You spent 78 gold pieces at shops.

Inventory:

Hand Weapons
 a - a +2 hand axe (weapon)
 H - a +0 trident of protection
 L - a +0 sling
Missiles
 M - 28 stones
Armour
 I - the cursed +0 pair of gloves "Ensconced Lifelessness" (worn) {Comp, Self}
   (You found it on level 1 of the Dungeon)

   It has a curse which improves the following skills: Companions: Summonings
   and Necromancy.
   Introspection: Fighting and Spellcasting.
 R - a +2 leather armour of willpower (worn)
Talismans
 N - a serpent talisman
Wands
 f - a wand of flame (6) (quivered)
Scrolls
 E - a scroll of fear
 G - 4 scrolls of identify {unknown}
 J - a scroll of brand weapon {unknown}
 K - a scroll of blinking {unknown}
 Q - 2 scrolls of torment {unknown}
 S - 3 scrolls of teleportation {unknown}
 T - a scroll of amnesia {unknown}
Potions
 q - 5 potions of curing
 F - a potion of might {unknown}
 U - a potion of brilliance {unknown}


   Skills:
 - Level 2.0(2.3) Fighting
 + Level 4.9 Axes
 - Level 1.2 Armour
 - Level 1.0 Dodging
 - Level 2.7(3.0) Spellcasting
 * Level 1.3 Hexes
 * Level 1.4(1.7) Summonings
 - Level 1.2 Transmutations
 - Level 3.6 Evocations


You had 5 spell levels left.
You knew the following spells:

 Your Spells              Type           Power      Damage    Failure   Level
f - Summon Guardian Gole  Hex/Summ       7%         N/A       36%         3
w - Passwall              Tmut/Erth      3%         N/A       26%         2

Your spell library contained the following spells:

 Spells                   Type           Power      Damage    Failure   Level
 Freeze                   Ice            8%         1d3       22%         1
 Wereblood                Tmut           6%         N/A       22%         2
 Frozen Ramparts          Ice            4%         1d1       56%         3
 Hailstorm                Conj/Ice       2%         3d3       56%         3
 Orb of Destruction       Conj           1%         9d5       100%        7
 Spellforged Servitor     Conj/Summ      2%         N/A       100%        7


Dungeon Overview and Level Annotations

Branches:
Dungeon (4/15) Zot: 966
 Temple: D:4-7

Altars:
Ashenzari
Xom

Shops:
D:3 !:[

Annotations:
D:3 irra book


Innate Abilities, Weirdness & Mutations

You passively map a small area around you.
You are easily found by Zot.
You glow in the dark.
You regain HP and MP as you explore.


Message History

There is a stone staircase leading down here.
You barely miss the orc priest. You barely miss the orc. x3
The orc priest invokes the aid of Beogh against you.
You easily resist.
The orc hits you with a +0 dagger. The orc closely misses you.
The orc hits you with a +0 trident.
You hit the orc priest but do no damage.
You closely miss the orc. You hit the orc but do no damage. You hit the orc.
The orc priest barely misses you. The orc hits you but does no damage.
The orc misses you. The orc hits you with a +0 trident.
You hit the orc priest.
The orc priest is moderately wounded.
You hit the orc. You closely miss the orc. x2
The orc priest hits you with a +0 whip. The orc hits you with a +0 dagger.
The orc hits you but does no damage. x2
You hit the orc priest but do no damage.
The orc priest is moderately wounded.
You barely miss the orc. You hit the orc. x2
You kill the orc!
The orc hits you with a +0 trident.
The orc priest hits you but does no damage.
The orc closely misses you.
You hit the orc priest.
The orc priest is heavily wounded.
You hit the orc.
You kill the orc!
You hit the orc but do no damage. The orc hits you but does no damage.
The orc priest hits you but does no damage.
You barely miss the orc priest.
The orc priest is heavily wounded.
You closely miss the orc. The orc barely misses you.
The orc priest looks encouraged for a moment.
You hit the orc priest.
The orc priest is almost dead.
You hit the orc but do no damage. The orc barely misses you.
The orc priest invokes the aid of Beogh against you.
Pain shoots through your body!
* * * LOW HITPOINT WARNING * * *
You hit the orc priest but do no damage.
The orc priest is almost dead.
You hit the orc. The orc hits you with a +0 trident.
* * * LOW HITPOINT WARNING * * *
The orc priest hits you with a +0 whip.
* * * LOW HITPOINT WARNING * * *
You hit the orc priest but do no damage.
The orc priest is almost dead.
You hit the orc.
You kill the orc!
The orc priest mumbles some strange prayers to Beogh against you.
Beogh smites you!
You die...

.# #.###............# .#
#.# ##...........# .# #.#
#...........## .# #.#
#.#._.....#.#
.#####.###.#.......#.####
...).÷..................#
..####..##.#####.######.#
..# #..##...[.))o.# #.#
..# #..########@#.# #.#
..# #..# #)# # #.# ###
..## #.>########.#.#
#.######.## ...#
#.............#
#.........#
..#####.#.##########
########.## ..+.###.#.#
#.# ###...#'#.## #.#
#.⌠.⌠..#..# #.#
##..∩..##..# #.#


You could see an orc priest.

Vanquished Creatures
  3 adders
  2 worms (D:3)
  3 orcs (D:3)
  7 bats
  5 endoplasms
  A giant cockroach (D:2)
  6 goblins
  4 hobgoblins
  3 jackals (D:3)
  4 quokkas
  A ball python (D:3)
  4 kobolds
  6 rats
49 creatures vanquished.

Notes
Turn   | Place    | Note
-------+----------+-------------------------------------------
     0 | D:1      | Ge0ff the Meteoran Wanderer began the quest for the Orb.
     0 | D:1      | Ge0ff set off with the following items: a +2 hand axe, a +0
                  | robe, a wand of flame (6), a scroll of fear; and the
                  | following spells available to memorise: Wereblood,
                  | Passwall.
     0 | D:1      | Reached XP level 1. HP: 14/14 MP: 5/5
    70 | D:1      | Reached skill level 1 in Fighting
    79 | D:1      | Reached XP level 2. HP: 19/23 MP: 6/6
   106 | D:1      | Reached skill level 4 in Axes
   273 | D:1      | Reached skill level 1 in Dodging
   362 | D:1      | Reached XP level 3. HP: 21/28 MP: 8/8
   669 | D:2      | Reached XP level 4. HP: 13/36 MP: 9/9
   760 | D:2      | Learned a level 3 spell: Summon Guardian Golem
   854 | D:3      | Found a faded altar of an unknown god.
   861 | D:3      | Prayed at the altar of an unknown god.
   861 | D:3      | Became a worshipper of Ashenzari the Shackled
   871 | D:3      | Found Tuong's Distillery.
   877 | D:3      | Bought 2 potions of curing for 78 gold pieces
   958 | D:3      | Found Gugymuob's Book Emporium.
  1043 | D:3      | Found a shimmering altar of Xom.
  1050 | D:3      | Found a shimmering altar of Xom.
  1050 | D:3      | Found a shimmering altar of Xom.
  1051 | D:3      | Found a shimmering altar of Xom.
  1054 | D:3      | Found a shimmering altar of Xom.
  1054 | D:3      | Found a shimmering altar of Xom.
  1058 | D:3      | Found a shimmering altar of Xom.
  1124 | D:3      | Reached skill level 1 in Hexes
  1124 | D:3      | Reached skill level 1 in Summonings
  1269 | D:3      | Found Gitwuirph's Armour Shoppe.
  1295 | D:3      | Reached XP level 5. HP: 41/41 MP: 10/10
  1367 | D:3      | Learned a level 2 spell: Passwall
  1420 | D:3      | Killed from afar by an orc priest

Illustrated notes

Levels and vault maps discovered:
D:1:      evilmike_arrival_crescent, layout_basic, skrybe_limestone_x,
          chequers_serial_rivers_marsh, minmay_misc_feat_tower
D:2:      layout_rooms
D:3:      layout_loops_ring, nicolae_xom_altar_mimics, serial_shops, shop,
          nicolae_shop_rolling_square, shop,
          hellmonk_ecumenical_altar_inner_sanctum, nicolae_figureground_sparkle
D:4:      layout_cave_pods, mainiacjoe_overflow_catwalk,
          kennysheep_cross_bottleneck, dreamdust_wishing_well, uniq_sigmund

Skill      XL: |  1  2  3  4 |
---------------+-------------+-----
Fighting       | 1 2 |  2.0
Axes           | 4 |  4.9
Dodging        | 1 |  1.0
Hexes          | 1 |  1.3
Summonings     | 1 |  1.4
Armour         | |  1.2
Spellcasting   | |  2.7
Transmutations | |  1.2
Evocations     | |  3.6

Action                     |  1- 3 |  4- 6 || total
---------------------------+-------+-------++-------
  Melee: Hand axe          |    68 |    81 ||   149
 Invoke: Curse Item        |       |     1 ||     1
 Armour: Robe              |    24 |     1 ||    25
         Leather armour    |       |    32 ||    32
  Dodge: Dodged            |    30 |    41 ||    71

Table legend: (Time is in decaauts)
 A = Elapsed time spent in this place.
 B = Non-inter-level travel time spent in this place.
 C = Inter-level travel time spent in this place.
 D = Time resting spent in this place.
 E = Time spent auto-exploring this place.
 F = Levels seen in this place.
 G = Mean time per level.
                   A        B        C        D        E       F      G
               +--------+--------+--------+--------+--------+-----+--------+
         Total |   1432 |   1432 |      0 |      0 |      0 |   4 |  358.0 |
       Dungeon |   1432 |   1432 |      0 |      0 |      0 |   4 |  358.0 |
               +--------+--------+--------+--------+--------+-----+--------+

Top non-repeatable levels by time:
     D:3: 597 daAuts
     D:1: 496 daAuts
     D:2: 335 daAuts
     D:4: 3 daAuts
